 Dungeon Crawl Stone Soup version 0.27-a0-705-ga0013940fb (webtiles) character file.

Game seed: 6716363816706262623

229 jestyr24 the Conjurer (level 5, 0/35 HPs)
             Began as a Demonspawn Conjurer on Mar 22, 2021.
             Killed by nerve-wracking pain
             ... invoked by Grinder
              (12 damage)
             ... on level 3 of the Dungeon.
             The game lasted 00:18:15 (4080 turns).

jestyr24 the Conjurer (Demonspawn Conjurer)         Turns: 4080, Time: 00:18:16

Health: 0/35       AC:  2    Str:  7    XL:     5   Next: 71%
Magic:  4/10       EV: 12    Int: 21    God:
Gold:   187        SH:  0    Dex: 11    Spells: 2/10 levels left

rFire    . . .     SeeInvis .   b - +0 dagger
rCold    . . .     Faith    .   (no shield)
rNeg     . . .     Spirit   .   a - +0 robe
rPois    .         Reflect  .   (no helmet)
rElec    .         Harm     .   (no cloak)
rCorr    .         Rampage  .   (no gloves)
Will     .....                  (no boots)
Stlth    ++........             (no amulet)
HPRegen  0.11/turn              (no ring)
MPRegen  0.12/turn              (no ring)

@: no status effects
A: talons 2, spiny 1
a: no special abilities


You were on level 3 of the Dungeon.
You visited 1 branch of the dungeon, and saw 3 of its levels.

You collected 187 gold pieces.

Inventory:

Hand Weapons
 b - a +0 dagger (weapon)
 n - a +0 vorpal falchion
Missiles
 d - 126 stones
 h - 3 javelins
 p - 5 boomerangs
Armour
 a - a +0 robe (worn)
 o - a +0 helmet
Scrolls
 c - a scroll of holy word {unknown}
 g - a scroll of summoning {unknown}
 i - a scroll of amnesia {unknown}
 j - a scroll of enchant weapon {unknown}
 k - a scroll of identify {unknown}
 m - a scroll of teleportation {unknown}
Potions
 e - a potion of flight {unknown}
 f - a potion of attraction {unknown}
 l - 2 potions of curing {unknown}


   Skills:
 + Level 0.1 Fighting
 + Level 2.0 Dodging
 * Level 2.5 Stealth
 * Level 3.3 Spellcasting
 * Level 5.6 Conjurations
 * Level 1.0 Hexes
 * Level 0.2 Translocations


You had 2 spell levels left.
You knew the following spells:

 Your Spells              Type           Power      Damage    Failure   Level
a - Magic Dart            Conj           100%       1d8       1%          1
b - Searing Ray           Conj           54%        3d5       1%          2
c - Dazzling Flash        Conj/Hex       34%        N/A       10%         3
d - Blink                 Tloc           N/A        N/A       19%         2

Your spell library contained the following spells:

 Spells                   Type           Power      Damage    Failure   Level
 Slow                     Hex            8%         N/A       12%         2
 Call Imp                 Summ           3%         N/A       19%         2
 Conjure Flame            Conj/Fire      15%        6-21      12%         3
 Mephitic Cloud           Conj/Pois/Air  11%        N/A       19%         3
 Fulminant Prism          Conj/Hex       8%         3d7       32%         4
 Iskenderun's Mystic Bla  Conj/Tloc      15%        2d5       36%         4


Dungeon Overview and Level Annotations

Branches:
Dungeon (3/15)

Altars:

Shops:
D:2 [

Annotations:
D:3 Grinder


Innate Abilities, Weirdness & Mutations

You have razor-sharp toenails.
You are partially covered in sharp spines.


Message History

Confirm with . or Enter, or press ? or * to list all spells.
Aiming: Searing Ray (safe; 1% risk of failure)
Press: ? - help, Shift-Dir - straight line, f - Grinder
Aim: Grinder (23% to evade)
You miscast Searing Ray.
You are very lightly contaminated with residual magic.
Nothing appears to happen.
Grinder gestures at you. Pain shoots through your body!
Casting: Searing Ray (safe; 1% risk of failure)
Confirm with . or Enter, or press ? or * to list all spells.
Aiming: Searing Ray (safe; 1% risk of failure)
Press: ? - help, Shift-Dir - straight line, f/p - Grinder
Aim: Grinder (23% to evade)
The searing ray hits Grinder!
Grinder is moderately wounded. (Press . to maintain the ray.)
The searing ray hits Grinder!
Grinder is heavily wounded.
Grinder hits you!
The searing ray hits Grinder.
Grinder is heavily wounded.
Grinder blinks!
Casting: Searing Ray (safe; 1% risk of failure)
Confirm with . or Enter, or press ? or * to list all spells.
Aiming: Searing Ray (safe; 1% risk of failure)
Press: ? - help, Shift-Dir - straight line, f/p - Grinder
Aim: Grinder (heavily wounded, 23% to evade)
The searing ray hits Grinder!
Grinder is severely wounded. (Press . to maintain the ray.)
The searing ray misses Grinder.
Grinder blinks!
Your magical contamination has completely faded away.
Grinder blinks!
Grinder gestures at you. Pain shoots through your body!
Grinder blinks!
Grinder gestures at you. Pain shoots through your body!
You die...

########..#...............'......
.......#..........##.....##......
######)#.#....(..................
#.####.#.#..###.§..........#..###
...).)†..)...............###..#
#.##.#.#.#.>...........#.#
#.##.#.#)#...##...##...#.#
..##.#.#.#...##5..##...# # #
#...............@.##...#...#
####.#####...##.............
#.#####...###..##########
#.........###<.# #.######.......#
#.........###### #.........#
#########.# #.#


You could see Grinder.

Vanquished Creatures
  A bullfrog skeleton (D:2)
  Jessica (D:3)
  An orc wizard (D:3)
  Robin (D:3)
  4 adders
  3 worms
  A dart slug (D:3)
  5 orcs (D:3)
  6 ball pythons
  4 bats
  3 giant cockroaches
  16 goblins
  10 hobgoblins
  10 jackals
  4 kobolds
  4 oozes
  A quokka (D:2)
  A frilled lizard (D:1)
  5 rats
81 creatures vanquished.

Notes
Turn   | Place    | Note
-------+----------+-------------------------------------------
     0 | D:1      | jestyr24 the Demonspawn Conjurer began the quest for the
                  | Orb.
     0 | D:1      | Reached XP level 1. HP: 13/13 MP: 3/3
   164 | D:1      | Gained mutation: You have sharp toenails. [demonic
                  | ancestry]
   164 | D:1      | Reached XP level 2. HP: 19/19 MP: 0/5
   419 | D:1      | Learned a level 2 spell: Searing Ray
  1487 | D:2      | Reached skill level 5 in Conjurations
  1487 | D:2      | Gained mutation: You are partially covered in sharp spines.
                  | [demonic ancestry]
  1487 | D:2      | Reached XP level 3. HP: 24/24 MP: 0/6
  1556 | D:2      | Learned a level 3 spell: Dazzling Flash
  1921 | D:2      | Found Zettesso's Antique Armour Boutique.
  2040 | D:2      | Reached XP level 4. HP: 19/30 MP: 0/7
  2858 | D:3      | Noticed Grinder
  2874 | D:3      | Paralysed by something for 5 turns
  2951 | D:3      | Gained mutation: You have razor-sharp toenails. [demonic
                  | ancestry]
  2951 | D:3      | Reached XP level 5. HP: 29/35 MP: 1/9
  3289 | D:3      | Learned a level 2 spell: Blink
  3383 | D:3      | Noticed Jessica
  3396 | D:3      | Killed Jessica
  3397 | D:3      | Reached skill level 1 in Hexes
  3551 | D:3      | Noticed Robin
  3582 | D:3      | Killed Robin
  4080 | D:3      | Killed from afar by Grinder

Illustrated notes

Levels and vault maps discovered:
D:1:      mainiacjoe_arrival_reflecting_pool, layout_basic,
          hangedman_decor_growths
D:2:      layout_basic, serial_shops, shop
D:3:      layout_basic, uniq_grinder, uniq_robin, uniq_jessica

Skill      XL: |  1  2  3  4  5 |
---------------+----------------+-----
Conjurations   | 5 |  5.6
Stealth        | 2 |  2.5
Dodging        | 2 |  2.0
Spellcasting   | 3 |  3.3
Hexes          | 1 |  1.0
Fighting       | |  0.1
Translocations | |  0.2

Action                   |  1- 3 |  4- 6 || total
-------------------------+-------+-------++-------
Melee: Dagger            |    19 |     7 ||    26
       Kick              |     3 |     1 ||     4
 Cast: Magic Dart        |    41 |    60 ||   101
       Searing Ray       |    11 |    15 ||    26
 Stab: Sleeping          |     1 |       ||     1
Armor: Robe              |     8 |     1 ||     9
Dodge: Dodged            |    24 |     4 ||    28

Table legend: (Time is in decaauts)
 A = Elapsed time spent in this place.
 B = Non-inter-level travel time spent in this place.
 C = Inter-level travel time spent in this place.
 D = Time resting spent in this place.
 E = Time spent auto-exploring this place.
 F = Levels seen in this place.
 G = Mean time per level.
                   A        B        C        D        E       F      G
               +--------+--------+--------+--------+--------+-----+--------+
         Total |   4083 |   3945 |    138 |   1309 |   1683 |   3 | 1361.0 |
       Dungeon |   4083 |   3945 |    138 |   1309 |   1683 |   3 | 1361.0 |
               +--------+--------+--------+--------+--------+-----+--------+

Top non-repeatable levels by time:
     D:2: 1823 daAuts
     D:3: 1210 daAuts
     D:1: 1049 daAuts
